 Dungeon Crawl Stone Soup version 0.30-a0-571-gdf30a72648 (webtiles) character file.

Game seed: 13418185562378719555

158 oldmanjim the Ducker (level 5, -2/39 HPs)
             Began as a Djinni Earth Elementalist on Dec 29, 2022.
             Frozen to death by an endoplasm (6 damage)
             ... on level 3 of the Dungeon.
             The game lasted 00:13:36 (2079 turns).

oldmanjim the Ducker (Djinni Earth Elementalist)    Turns: 2079, Time: 00:13:36

Health: -2/39      AC:  2    Str:  7    XL:     5   Next: 66%
Gold:   54         EV: 13    Int: 18    God:
                   SH:  5    Dex: 14

rFire   + + .      SeeInvis .    (no weapon)
rCold   x . .      Faith    .    (no shield)
rNeg    . . .      Spirit   .    a - +0 robe
rPois   ∞          Reflect  +    (no helmet)
rElec   .          Harm     .    (no cloak)
rCorr   .          Rampage  .    (no gloves)
Will    .....                    (boots unavailable)
Stlth   ++                       n - amulet of reflection
HPRegen 0.26/turn                (no ring)
MPRegen 0.00/turn                (no ring)

@: flying
A: sickness immunity, fire resistance 2, cold vulnerability 1, float, innate
caster, HP casting, extra vitality 1
a: no special abilities


You were on level 3 of the Dungeon.
You visited 1 branch of the dungeon, and saw 3 of its levels.

You collected 54 gold pieces.

Inventory:

Hand Weapons
 j - a +0 dagger
Missiles
 e - 3 boomerangs (quivered)
 g - 10 stones
Armour
 a - a +0 robe (worn)
 m - a +0 kite shield
Jewellery
 n - an amulet of reflection (around neck)
Scrolls
 f - a scroll of identify {unknown}
 i - a scroll of blinking {unknown}
 l - a scroll of vulnerability {unknown}
 o - a scroll of noise {unknown}
Potions
 b - a potion of magic
 c - a potion of brilliance {unknown}
 d - a potion of mutation {unknown}
 h - a potion of ambrosia {unknown}
 k - a potion of curing {unknown}
 p - a potion of invisibility {unknown}


   Skills:
 + Level 2.7 Fighting
 + Level 3.8 Dodging
 - Level 1.5 Stealth
 + Level 3.2 Spellcasting


You couldn't memorise any spells.
You knew the following spells:

 Your Spells              Type           Power      Damage    Failure   Level
a - Sandblast             Erth           28%        2d8       4%          1
b - Passwall              Tmut/Erth      11%        N/A       6%          2
c - Stone Arrow           Conj/Erth      28%        3d8       12%         3
d - Petrify               Tmut/Erth      14%        N/A       38%         4
e - Summon Small Mammal   Summ           56%        N/A       4%          1
f - Scorch                Fire           28%        2d6       6%          2
Your spell library was empty.

Dungeon Overview and Level Annotations

Branches:
Dungeon (3/15)

Altars:


Innate Abilities, Weirdness & Mutations

You are immune to sickness and miasma.
You are immune to poison.
Your flesh is very heat resistant. (rF++)
You are vulnerable to cold. (rC-)
You float through the air rather than walking.
You learn spells naturally, not from books.
Your magical power is your life essence.
You have superior vitality. (+4 MHP)


Message History

You block the orc's attack.
Casting: Sandblast (safe; 4% risk of failure)
Confirm with . or Enter, or press ? or * to list all spells.
Aiming: Sandblast (safe; 4% risk of failure)
Press: ? - help, Shift-Dir - straight line, f/p - orc
Aim: an orc, wielding a +0 mace of protection (82% to hit)
The blast of sand misses the orc.
The orc closely misses you. You block the endoplasm's attack.
The orc barely misses you.
Casting: Sandblast (safe; 4% risk of failure)
Confirm with . or Enter, or press ? or * to list all spells.
Aiming: Sandblast (safe; 4% risk of failure)
Press: ? - help, Shift-Dir - straight line, f/p - orc
Aim: an orc, wielding a +0 mace of protection (82% to hit)
The blast of sand hits the orc but does no damage.
The orc hits you with a +0 mace of protection.
The endoplasm hits you.
Casting: Sandblast (safe; 4% risk of failure)
Confirm with . or Enter, or press ? or * to list all spells.
Aiming: Sandblast (safe; 4% risk of failure)
Press: ? - help, Shift-Dir - straight line, f/p - orc
Aim: an orc, wielding a +0 mace of protection (82% to hit)
The blast of sand misses the orc.
The orc priest calls down the wrath of Beogh upon you.
Beogh smites you! You block the orc's attack.
An orc comes into view. It is wielding a +0 hand axe.
The endoplasm misses you. The endoplasm freezes you.
You are frozen.
You feel a terrible chill!
* * * LOW HITPOINT WARNING * * *
The orc barely misses you. The endoplasm freezes you.
You are frozen.
You feel a terrible chill!
* * * LOW HITPOINT WARNING * * *
The endoplasm attacks as you move away! The endoplasm closely misses you.
Casting: Sandblast (safe; 4% risk of failure)
Confirm with . or Enter, or press ? or * to list all spells.
* * * LOW HITPOINT WARNING * * *
The endoplasm freezes you.
You are frozen.
You feel a terrible chill!
You die...

###+
#..........
#..........
#.......... ...
###.########
... +....##
.... ####o.##
.... ##oo#
#.... ##J##
..... #@.#
#####.....
##b##
##.....o...
#..##
#..####....
##..# #.## ...
##.###.# ..
#..##.#########
##..>..)).....#
############.#
#.#


You could see an orc priest, 2 orcs, an endoplasm (ally target) and a friendly
bat (summoned).

Vanquished Creatures
  A gnoll (D:2)
  6 adders
  A worm (D:2)
  2 dart slugs (D:2)
  7 orcs
  7 ball pythons
  6 bats
  5 endoplasms
  2 giant cockroaches
  7 goblins
  4 hobgoblins
  13 jackals
  2 kobolds (D:2)
  2 quokkas
  2 frilled lizards
  A rat (D:2)
68 creatures vanquished.

Notes
Turn   | Place    | Note
-------+----------+-------------------------------------------
     0 | D:1      | oldmanjim the Djinni Earth Elementalist began the quest for
                  | the Orb.
     0 | D:1      | oldmanjim set off with the following spells memorised:
                  | Sandblast, Passwall, Stone Arrow, Petrify.
     0 | D:1      | Reached XP level 1. HP: 15/15 MP: 0/0
   205 | D:1      | Reached XP level 2. HP: 20/22 MP: 0/0
   274 | D:1      | Reached skill level 1 in Fighting
   404 | D:1      | Reached XP level 3. HP: 26/27 MP: 0/0
   404 | D:1      | Learned a level 1 spell: Summon Small Mammal
  1075 | D:2      | Reached XP level 4. HP: 28/33 MP: 0/0
  1283 | D:2      | Found a faded altar of an unknown god.
  1523 | D:2      | Reached XP level 5. HP: 35/39 MP: 0/0
  1523 | D:2      | Learned a level 2 spell: Scorch
  2079 | D:3      | Frozen to death by an endoplasm

Illustrated notes

Levels and vault maps discovered:
D:1:      dpeg_arrival_rooms_b, layout_basic, st_stairs_6
D:2:      minmay_diamond_boxcup, layout_basic,
          shapermc_ecumenical_altar_mp_highgroup
D:3:      layout_basic, mainiacjoe_overflow_paths, cheibrodos_sewer_entry_bend,
          minmay_bisected

Skill      XL: |  1  2  3  4 |
---------------+-------------+-----
Fighting       | 1 2 |  2.7
Dodging        | 3 |  3.8
Spellcasting   | 3 |  3.2
Stealth        | |  1.5

Action                   |  1- 3 |  4- 6 || total
-------------------------+-------+-------++-------
Throw: Boomerang         |       |     1 ||     1
 Cast: Sandblast         |    53 |    67 ||   120
       Summon Small Mamm |       |     3 ||     3
Armor: Robe              |     9 |     4 ||    13
Dodge: Dodged            |    26 |    27 ||    53
Block: Other             |       |     9 ||     9

Table legend: (Time is in decaauts)
 A = Elapsed time spent in this place.
 B = Non-inter-level travel time spent in this place.
 C = Inter-level travel time spent in this place.
 D = Time resting spent in this place.
 E = Time spent auto-exploring this place.
 F = Levels seen in this place.
 G = Mean time per level.
                   A        B        C        D        E       F      G
               +--------+--------+--------+--------+--------+-----+--------+
         Total |   2138 |   2082 |     56 |     45 |   1546 |   3 |  712.7 |
       Dungeon |   2138 |   2082 |     56 |     45 |   1546 |   3 |  712.7 |
               +--------+--------+--------+--------+--------+-----+--------+

Top non-repeatable levels by time:
     D:2: 991 daAuts
     D:1: 954 daAuts
     D:3: 193 daAuts
